 Dungeon Crawl Stone Soup version 0.26-a0-597-gb535b0901c (webtiles) character file.

Game seed: 15383778075705972551

68 Alarkh the Ruffian (level 4, 33/33 HPs)
             Began as a Demonspawn Gladiator on Sept 12, 2020.
             Got out of the dungeon alive.
             The game lasted 00:01:59 (1909 turns).

Alarkh the Ruffian (Demonspawn Gladiator)           Turns: 1909, Time: 00:01:59

Health: 33/33      AC:  4    Str: 15    XL:     4   Next: 1%
Magic:  4/4        EV: 12    Int: 10    God:
Gold:   119        SH:  0    Dex: 14    Spells: 3/3 levels left

rFire    + . .     SeeInvis .     - Unarmed
rCold    . . .     Faith    .   (no shield)
rNeg     . . .     Spirit   .   a - +0 leather armour
rPois    .         Reflect  .   (helmet restricted)
rElec    .         Harm     .   (no cloak)
rCorr    .                      (no gloves)
MR       .....                  (no boots)
Stlth    ..........             o - amulet of inaccuracy (curse)
HPRegen  0.11/turn              g - ring of attention (curse)
MPRegen  0.09/turn              m - ring of protection from fire

@: no status effects
A: antennae 1, rugged brown scales 1, powered by pain 1
a: no special abilities


You escaped.
You visited 1 branch of the dungeon, and saw 2 of its levels.

You collected 119 gold pieces.

Inventory:

Missiles
 c - 3 throwing nets (quivered)
Armour
 a - a +0 leather armour (worn)
 b - a +1 helmet
Jewellery
 g - a cursed ring of attention (left hand)
 m - a ring of protection from fire (right hand)
 o - a cursed amulet of inaccuracy (around neck)
Scrolls
 r - 3 scrolls of identify
Potions
 d - a potion of flight
 e - 3 potions of resistance {unknown}
 f - a potion of berserk rage
 h - a potion of magic
 i - a potion of lignification {unknown}
 j - 4 potions of curing {unknown}
 k - a potion of degeneration {unknown}
 l - a potion of heal wounds {unknown}


   Skills:
 - Level 2.0 Fighting
 - Level 1.7 Throwing
 - Level 2.6 Dodging
 + Level 4.4 Unarmed Combat


You had 3 spell levels left.
You didn't know any spells.
Your spell library was empty.

Dungeon Overview and Level Annotations

Branches:
Dungeon (2/15)

Altars:
Zin


Innate Abilities, Weirdness & Mutations

You have a pair of small antennae on your head.
You are partially covered in rugged brown scales. (AC +1, +3% HP)
You sometimes gain a little power by taking damage.


Message History

You now have 119 gold pieces (gained 16).
You open the door.
There is an open door here.
You open the door.
There is an open door here.
r - 3 scrolls of identify (gained 1)
There is an open door here.
There is an open door here.
You open the door.
There is an open door here.
You open the door.
There is an open door here.
Found a stone staircase leading down.
There is a stone staircase leading down here.
There is a stone staircase leading up here.
You climb upwards.
There is a stone staircase leading down here.
There is a staircase leading out of the dungeon here.
Are you sure you want to leave the Dungeon?
This will make you lose the game!
You have escaped!

..# #.## #..#..#..# ..#
####..#####.#......# ..#
#...........#...#..# ###
#...##......####...#
#..####............#
#.##.##...........##########
#..##.....##.###............
#........#)....##.....#....#
#.......##.@.....#....#....#
#........#.....##.....#....#
#..##.....##.###............
#.##.##..............#######
#..####.....................
#...##......####..#####.####
###....###..#...#.# #.#
###.## ##.#[....# #.# #.#
#..#..#.# #.#


There were no monsters in sight!

Vanquished Creatures
  An adder (D:2)
  2 dart slugs
  A leopard gecko (D:1)
  3 giant cockroaches
  4 goblins
  5 hobgoblins
  7 jackals
  A quokka (D:2)
  A ball python (D:1)
  11 bats
  7 frilled lizards
  8 kobolds
  2 rats
53 creatures vanquished.

Notes
Turn   | Place    | Note
-------+----------+-------------------------------------------
     0 | D:1      | Alarkh the Demonspawn Gladiator began the quest for the
                  | Orb.
     0 | D:1      | Reached XP level 1. HP: 16/16 MP: 1/1
    40 | D:1      | Reached skill level 3 in Unarmed Combat
   192 | D:1      | Gained mutation: You are partially covered in rugged brown
                  | scales. (AC +1, +3% HP) [demonic ancestry]
   192 | D:1      | Reached XP level 2. HP: 9/22 MP: 2/2
   428 | D:1      | Found a glowing silver altar of Zin.
   716 | D:1      | Gained mutation: You sometimes gain a little power by
                  | taking damage. [demonic ancestry]
   716 | D:1      | Reached XP level 3. HP: 24/27 MP: 3/3
   822 | D:1      | Reached skill level 4 in Unarmed Combat
  1765 | D:2      | Gained mutation: You have a pair of small antennae on your
                  | head. [demonic ancestry]
  1765 | D:2      | Reached XP level 4. HP: 27/33 MP: 4/4
  1909 | D:$      | Got out of the dungeon alive.

Illustrated notes

Levels and vault maps discovered:
D:1:      erik_arrival_blinker_ship, layout_basic, minmay_hexomino_r4
D:2:      layout_loops_ring, minivault_11, grunt_ministairs_12,
          minmay_misc_feat_alley

Skill      XL: |  1  2  3 |
---------------+----------+-----
Unarmed Combat | 3 4 |  4.4
Fighting       | |  2.0
Throwing       | |  1.7
Dodging        | |  2.6

Action                   |  1- 3 |  4- 6 || total
-------------------------+-------+-------++-------
Melee: Unarmed           |   227 |       ||   227
       Punch             |     1 |       ||     1
  Use: Scroll            |     7 |       ||     7
Armor: Leather armour    |    91 |       ||    91
Dodge: Dodged            |   191 |       ||   191

Table legend: (Time is in decaauts)
 A = Elapsed time spent in this place.
 B = Non-inter-level travel time spent in this place.
 C = Inter-level travel time spent in this place.
 D = Time resting spent in this place.
 E = Time spent auto-exploring this place.
 F = Levels seen in this place.
 G = Mean time per level.
                   A        B        C        D        E       F      G
               +--------+--------+--------+--------+--------+-----+--------+
         Total |   1893 |   1782 |    111 |    410 |    989 |   2 |  946.5 |
       Dungeon |   1893 |   1782 |    111 |    410 |    989 |   2 |  946.5 |
               +--------+--------+--------+--------+--------+-----+--------+

Top non-repeatable levels by time:
     D:1: 1264 daAuts
     D:2: 628 daAuts
